 Dungeon Crawl Stone Soup version 0.28-a0-1143-gcf6077d4cc (webtiles) character file.

Game seed: 15371381637675696231

24 ytrimaz the Insei (level 3, -6/23 HPs)
             Began as an Octopode Transmuter on Dec 13, 2021.
             Was a Plaything of Xom.
             Mangled by a worm (10 damage)
             ... on level 2 of the Dungeon.
             The game lasted 00:01:30 (1069 turns).

ytrimaz the Insei (Octopode Transmuter)             Turns: 1069, Time: 00:01:31

Health: -6/23      AC:  1    Str:  9    XL:     3   Next: 2%
Magic:  6/6        EV: 13    Int: 17    God:    Xom [..*...]
Gold:   100        SH:  0    Dex: 12    Spells: 0/6 levels left

rFire   . . .      SeeInvis .     - Unarmed
rCold   + . .      Faith    .   (no shield)
rNeg    . . .      Spirit   .   (helmet restricted)
rPois   .          Reflect  .   (no amulet)
rElec   .          Harm     .   b - ring of protection from cold
rCorr   .          Rampage  .   (no ring)
Will    .....                   (no ring)
Stlth   ++........              (no ring)
HPRegen 0.07/turn               (no ring)
MPRegen 0.10/turn               (no ring)
                                (no ring)
                                (no ring)

@: no status effects
A: almost no armour, amphibious, 8 rings, camouflage 1, gelatinous body 1,
(nimble swimmer 1), tentacles
a: Renounce Religion


You were on level 2 of the Dungeon.
You worshipped Xom.
You were a toy of Xom.
You visited 1 branch of the dungeon, and saw 2 of its levels.

You collected 100 gold pieces.

Inventory:

Jewellery
 b - a ring of protection from cold (left tentacle)
Scrolls
 c - 2 scrolls of immolation
Potions
 d - a potion of attraction {unknown}


   Skills:
 * Level 1.2 Fighting
 - Level 2.0 Dodging
 + Level 3.3 Unarmed Combat
 * Level 2.3 Spellcasting
 * Level 2.4 Transmutations


You couldn't memorise any spells.
You knew the following spells:

 Your Spells              Type           Power      Damage    Failure   Level
a - Beastly Appendage     Tmut           20%        N/A       7%          1
b - Wereblood             Tmut           10%        N/A       11%         2
c - Spider Form           Tmut/Pois      6%         N/A       34%         3

Your spell library contained the following spells:

 Spells                   Type           Power      Damage    Failure   Level
 Sting                    Tmut/Pois      24%        1d4       12%         1
 Summon Small Mammal      Summ           4%         N/A       19%         1
 Poisonous Vapours        Pois/Air       2%         N/A       28%         2
 Call Canine Familiar     Summ           1%         N/A       50%         3
 Summon Guardian Golem    Hex/Summ       1%         N/A       50%         3
 Ice Form                 Ice/Tmut       6%         N/A       75%         4
 Olgreb's Toxic Radiance  Pois           1%         N/A       88%         4


Dungeon Overview and Level Annotations

Branches:
Dungeon (2/15)

Altars:
Xom

Shops:
D:1 (=[!


Innate Abilities, Weirdness & Mutations

You cannot wear most types of armour.
You are amphibious.
You can wear up to eight rings at the same time.
Your skin changes colour to match your surroundings (Stealth+).
Your rubbery body absorbs attacks. (AC +1, EV +1)
((You are camouflaged near water. (Stealth+)))
You have tentacles for arms and can constrict up to eight enemies at once.


Message History

The goblin closely misses you.
You tentacle-slap the goblin.
You kill the goblin!
Items here: ( )) ††.
This spell is extremely dangerous to cast!
Memorise Spider Form, consuming 3 spell levels and leaving 0?
You start memorising the spell.
You continue memorising. x3
You finish memorising.
Spell assigned to 'c'.
A worm comes into view.
A worm is nearby!
A worm is nearby!
A worm is nearby!
You are too injured to fight recklessly!
Xom's power touches on your mind for a moment.
The worm looks rather confused.
An adder comes into view.
Found 12 gold pieces.
Unknown command.
Items here: ( )) ††.
You see here a bat corpse.
You see here a bat corpse.
The worm barely misses you.
You tentacle-slap the worm. You grab the worm.
The worm is moderately wounded.
You constrict the worm.
You tentacle-slap the worm but do no damage.
The worm is moderately wounded.
You constrict the worm. The worm bites you.
You tentacle-slap the worm but do no damage.
The worm is moderately wounded.
You constrict the worm. The worm bites you.
* * * LOW HITPOINT WARNING * * *
You tentacle-slap the worm but do no damage.
The worm is moderately wounded.
You constrict the worm.
Unknown command.
You tentacle-slap the worm. You squeeze the worm.
The worm is almost dead.
You constrict the worm. The worm bites you!
You die...

S# ..# ####..#
##.####.....#.#
...$........... #w# #.#
##.####.############
........w@.†........
#######.############ #†#
#....# #.# #....#
#.#####....##
#########...........#
#####.............#.....#
#.........#######.#.....#
#.........# #.#<....#


You could see a worm.

Vanquished Creatures
  A dart slug (D:1)
  2 hobgoblins (D:1)
  A quokka (D:2)
  2 ball pythons (D:1)
  9 bats
  2 frilled lizards
  A goblin (D:2)
  6 rats
24 creatures vanquished.

Vanquished Creatures (others)
  An endoplasm (D:2)
1 creature vanquished.

Grand Total: 25 creatures vanquished

Notes
Turn   | Place    | Note
-------+----------+-------------------------------------------
     0 | D:1      | ytrimaz the Octopode Transmuter began the quest for the
                  | Orb.
     0 | D:1      | Reached XP level 1. HP: 13/13 MP: 3/3
    77 | D:1      | Found Noegeih's Distillery.
   236 | D:1      | Found Unganet's Antique Armour Boutique.
   313 | D:1      | Reached XP level 2. HP: 13/18 MP: 3/5
   467 | D:1      | Found Atzoed's Jewellery Shop.
   575 | D:1      | Found Ycsauraa's Weapon Emporium.
   674 | D:1      | Found a faded altar of an unknown god.
   831 | D:1      | Prayed at the altar of an unknown god.
   831 | D:1      | Became a worshipper of Xom of Chaos
   943 | D:2      | Learned a level 2 spell: Wereblood
  1008 | D:2      | XOM: noise
  1023 | D:2      | Reached XP level 3. HP: 19/23 MP: 6/6
  1038 | D:2      | Learned a level 3 spell: Spider Form
  1052 | D:2      | XOM: confuse monster(s)
  1069 | D:2      | Mangled by a worm

Illustrated notes

Levels and vault maps discovered:
D:1:      tarquinn_simple_flora_water_e, layout_loops_ring, serial_shops,
          nicolae_shop_bloodbath_and_beyond, shop,
          nicolae_shop_advertising_works [nicolae_subvault_shop_adworks],
          nicolae_shop_temple_entry_statues_fountains,
          ebering_ecumenical_altar_webs
D:2:      layout_basic, uniq_jessica

Action                   || total
-------------------------++-------
Melee: Unarmed           ||    56
       Constrict         ||    14
       Kick              ||     8
       Tentacles         ||     7
       Punch             ||     1
 Cast: Beastly Appendage ||    11
  Use: Scroll            ||     1
 Stab: Sleeping          ||     5
Armor: Skin              ||    18
Dodge: Dodged            ||    52

Table legend: (Time is in decaauts)
 A = Elapsed time spent in this place.
 B = Non-inter-level travel time spent in this place.
 C = Inter-level travel time spent in this place.
 D = Time resting spent in this place.
 E = Time spent auto-exploring this place.
 F = Levels seen in this place.
 G = Mean time per level.
                   A        B        C        D        E       F      G
               +--------+--------+--------+--------+--------+-----+--------+
         Total |   1064 |    999 |     65 |      0 |    784 |   2 |  532.0 |
       Dungeon |   1064 |    999 |     65 |      0 |    784 |   2 |  532.0 |
               +--------+--------+--------+--------+--------+-----+--------+

Top non-repeatable levels by time:
     D:1: 853 daAuts
     D:2: 211 daAuts
